 Dungeon Crawl Stone Soup version 0.17.1-2-g5865329 (webtiles) character file.

50997 ololoev the Severer (level 14, -4/106 HPs)
             Began as a Demonspawn Berserker on Jan 22, 2016.
             Was a High Priest of Trog.
             Succumbed to a swamp dragon's poison gas
             ... on level 2 of the Swamp on Jan 25, 2016.
             The game lasted 01:18:03 (8594 turns).

ololoev the Severer (Demonspawn Berserker)          Turns: 8594, Time: 01:18:03

Health: -4/106     AC: 28    Str: 22    XL:     14   Next: 21%
Magic:  18/26      EV: 17    Int:  7    God:    Trog [*****.]
Gold:   1359       SH:  0    Dex: 15    Spells: 0 memorised, 13 levels left

rFire  + . .     SeeInvis .     v - +5 war axe (vamp)
rCold  + . .     Clarity  .     X - +3 plate armour {rC+}
rNeg   + . .     SustAt   .     (no shield)
rPois  .         Gourm    .     (helmet unavailable)
rElec  +         Spirit   +     k - +2 cloak
rCorr  .         Warding  .     C - +1 pair of gloves {archery}
rMut   .         Stasis   .     L - +0 pair of boots
MR     +++..                    B - amulet of guardian spirit
Stlth  ..........               Q - ring of Akiq Wenn {rElec rF+ MP+9 Int-3 Dex-2}
                                V - +2 ring of evasion

@: agile, lethally poisoned (-4 -> -119), exhausted, very slightly contaminated,
regenerating, slowed, invisible, very slow, extremely resistant to hostile
enchantments, extremely unstealthy
A: horns 3, yellow scales 2, negative energy resistance 1, powered by death 2,
powered by pain 1, 50% torment resistance
a: Berserk, Trog's Hand, Brothers in Arms, Burn Spellbooks, Renounce Religion


Innate Abilities, Weirdness & Mutations

You have a pair of large horns on your head.
You are mostly covered in yellow scales (AC +3).
You resist negative energy.
You regenerate health from kills.
You sometimes gain a little power by taking damage.
You are somewhat able to resist unholy torments (1 in 2 success).

Inventory:

Hand Weapons
 v - a +5 vampiric war axe (weapon)
 O - the +9 executioner's axe of the Median {chop, rF+ Int+3}
   (Trog gifted it to you on level 12 of the Dungeon)

   It inflicts extra damage upon your enemies.
   It affects your intelligence (+3).
   It protects you from fire.
Armour
 c - a +4 plate armour of fire resistance
 k - a +2 cloak (worn)
 C - a +1 pair of gloves of archery (worn)
 L - a +0 pair of boots (worn)
 X - a +3 plate armour of cold resistance (worn)
Rods
 z - a +2 rod of clouds (11/11)
   (You took it off a minotaur in a labyrinth)
Jewellery
 b - an uncursed ring of protection from magic
 h - an uncursed amulet of resist mutation
 q - an uncursed ring of protection from fire
 B - an amulet of guardian spirit (around neck)
 Q - the ring of Akiq Wenn (right hand) {rElec rF+ MP+9 Int-3 Dex-2}
   (You found it on level 2 of the Lair of Beasts)

   [ring of dexterity]

   It affects your intelligence (-3).
   It affects your dexterity (-2).
   It protects you from fire.
   It insulates you from electricity.
   It affects your magic capacity (+9).
 U - an uncursed ring of protection from cold
 V - a +2 ring of evasion (left hand)
Wands
 n - a wand of fire (7)
 r - a wand of disintegration (9)
 A - a wand of digging (9)
 D - a wand of digging (7)
 G - a wand of lightning (6)
Scrolls
 d - 2 scrolls of brand weapon {unknown}
 j - 3 scrolls of fog
 m - 4 scrolls of fear
 p - 3 scrolls of enchant armour
 u - 4 scrolls of recharging
 x - 7 scrolls of teleportation
 E - 3 scrolls of magic mapping {unknown}
 H - a scroll of random uselessness {unknown}
 J - 2 scrolls of noise {unknown}
 K - 5 scrolls of remove curse
 S - a scroll of immolation {unknown}
 W - a scroll of silence {unknown}
Potions
 f - a potion of mutation {unknown}
 o - a potion of brilliance
 s - 2 potions of flight
 w - 2 potions of resistance
 M - a potion of haste
 Z - 2 potions of agility {unknown}
Books
 I - Lehudib's Tome of Attacks
   (You found it in a labyrinth)

   Spells                             Type                      Level
   a - Magic Dart                     Conjuration                  1
   b - Iskenderun's Mystic Blast      Conjuration                  4
   c - Fireball                       Conjuration/Fire             5
   d - Venom Bolt                     Conjuration/Poison           5
   Trog disapproves of the use of such an item.
 N - a book of Debilitation

   Spells                             Type                      Level
   a - Corona                         Hexes                        1
   b - Slow                           Hexes                        2
   c - Gell's Gravitas                Hexes/Translocation          3
   d - Inner Flame                    Hexes/Fire                   3
   e - Cause Fear                     Hexes                        4
   f - Leda's Liquefaction            Hexes/Earth                  4
   Trog disapproves of the use of such an item.
 P - a book of Annihilations

   Spells                             Type                      Level
   a - Poison Arrow                   Conjuration/Poison           6
   b - Chain Lightning                Conjuration/Air              8
   c - Lehudib's Crystal Spear        Conjuration/Earth            8
   d - Glaciate                       Conjuration/Ice              9
   e - Fire Storm                     Conjuration/Fire             9
   Trog disapproves of the use of such an item.
 R - a book of Ice

   Spells                             Type                      Level
   a - Ice Form                       Ice/Transmutation            4
   b - Metabolic Englaciation         Hexes/Ice                    5
   c - Ozocubu's Refrigeration        Ice                          6
   d - Bolt of Cold                   Conjuration/Ice              6
   e - Freezing Cloud                 Conjuration/Ice/Air          6
   f - Simulacrum                     Ice/Necromancy               6
   Trog disapproves of the use of such an item.
Miscellaneous
 y - a box of beasts {used: 6}
Comestibles
 g - 5 chunks of flesh
 l - 7 bread rations
 F - a royal jelly
 T - 2 meat rations
 Y - a slice of pizza


   Skills:
 + Level 8.4 Fighting
 * Level 16.1 Axes
 + Level 4.8 Throwing
 + Level 11.6 Armour
 + Level 5.4 Dodging
 + Level 4.9 Evocations


You had 13 spell levels left.
You didn't know any spells.


You were on level 2 of the Swamp.
You worshipped Trog.
Trog was extremely pleased with you.
You were very hungry.

You visited 3 branches of the dungeon, and saw 23 of its levels.
You also visited: Labyrinth and Sewer.

You collected 1359 gold pieces.

..♣ ♣.≈≈≈.♣♣..≈♣ ≈≈≈≈≈≈
≈.♣♣♣.≈...♣≈.♣≈♣ ♣♣≈≈≈♣ ≈≈≈
♣... .....≈♣♣♣..≈≈..♣♣♣≈≈≈♣ ♣.♣
≈≈≈≈ .≈≈≈≈≈♣♣..♣.≈≈≈.♣♣≈≈♣♣♣
♣♣≈♣♣%≈≈≈
.≈≈♣≈<♣♣.♣..§§≈≈.≈.≈≈≈♣
♣...≈≈≈$
≈≈≈≈≈≈..♣♣♣..§≈≈≈≈♣.≈.♣♣♣.≈♣≈.♣
.♣≈♣≈≈.♣♣ ♣♣.≈..§≈♣♣.§♣§§.≈≈≈♣
.≈≈≈≈.♣♣ ♣♣.≈...≈♣..§§§♣§D≈)♣
.≈≈≈≈≈♣ ♣≈≈...@..♣.§§§§≈v..♣♣
.≈≈≈.♣♣ ♣♣.♣♣♣..♣♣♣..♣.≈♣§§.♣
.....♣ ♣. ♣♣.♣ ♣.♣♣♣≈♣♣.♣♣
.♣♣♣♣ ♣. ♣≈♣♣.♣. ♣.♣♣§♣ ♣ ♣♣.♣♣
♣ ♣[♣♣§♣ .♣ ♣.♣♣♣♣ ♣♣ ♣♣♣

Notes
Turn   | Place    | Note
--------------------------------------------------------------
     0 | D:1      | ololoev the Demonspawn Berserker began the quest for the Orb.
     0 | D:1      | Reached XP level 1. HP: 18/18 MP: 1/1
    32 | D:2      | Gained mutation: You are partially covered in yellow scales (AC +2). [demonic ancestry]
    32 | D:2      | Reached XP level 2. HP: 16/24 MP: 2/2
    90 | D:2      | Found a shimmering altar of Xom.
   376 | D:1      | Gained mutation: You have a pair of small horns on your head. [demonic ancestry]
   376 | D:1      | Reached XP level 3. HP: 13/29 MP: 3/3
   472 | D:2      | Noticed Ijyb
   476 | D:2      | Killed Ijyb
   476 | D:2      | Reached ** piety under Trog
   546 | D:3      | Noticed Uhlv's ghost (amateur MiBe)
   556 | D:3      | Killed Uhlv's ghost
   556 | D:3      | Reached skill level 4 in Axes
   556 | D:3      | Gained mutation: You have a pair of horns on your head. [demonic ancestry]
   556 | D:3      | Reached XP level 4. HP: 35/35 MP: 4/4
   556 | D:3      | Gained mutation: You are mostly covered in yellow scales (AC +3). [demonic ancestry]
   556 | D:3      | Reached XP level 5. HP: 41/41 MP: 5/5
   558 | D:3      | Reached skill level 5 in Axes
   804 | D:4      | Gained mutation: You sometimes gain a little power by taking damage. [demonic ancestry]
   804 | D:4      | Reached XP level 6. HP: 30/47 MP: 6/6
  1071 | D:4      | Reached skill level 6 in Axes
  1083 | D:4      | Found a glowing drain.
  1097 | Sewer    | Entered a sewer
  1224 | Sewer    | Noticed Purgy
  1229 | Sewer    | Killed Purgy
  1229 | Sewer    | Reached XP level 7. HP: 52/52 MP: 7/7
  1293 | D:5      | Entered Level 5 of the Dungeon
  1383 | D:6      | Found a glowing golden altar of the Shining One.
  1388 | D:6      | Found a snail-covered altar of Cheibriados.
  1633 | D:7      | Reached skill level 7 in Axes
  1758 | D:7      | Reached *** piety under Trog
  1770 | D:7      | Found an opulent altar of Gozag.
  1890 | D:8      | Gained mutation: You regenerate a little health from kills. [demonic ancestry]
  1890 | D:8      | Reached XP level 8. HP: 26/58 MP: 8/8
  1898 | D:8      | Reached skill level 8 in Axes
  1898 | D:8      | Reached skill level 5 in Armour
  1978 | D:10     | Entered Level 10 of the Dungeon
  2226 | D:8      | Reached skill level 9 in Axes
  2453 | D:9      | Gained mutation: You regenerate health from kills. [demonic ancestry]
  2453 | D:9      | Reached XP level 9. HP: 63/63 MP: 9/9
  2458 | D:9      | Reached **** piety under Trog
  2464 | D:9      | Reached skill level 10 in Axes
  2482 | D:9      | Found a staircase to the Lair.
  2533 | D:9      | Reached skill level 11 in Axes
  2539 | D:9      | Gained mutation: You resist negative energy. [demonic ancestry]
  2539 | D:9      | Reached XP level 10. HP: 70/70 MP: 10/10
  2552 | D:9      | Found a deep blue altar of Sif Muna.
  2565 | D:9      | Noticed a hill giant
  2565 | D:9      | Noticed a centaur zombie
  2571 | D:9      | Killed a hill giant
  2578 | D:9      | Killed a centaur zombie
  2842 | D:11     | Reached ***** piety under Trog
  2844 | D:11     | Reached skill level 12 in Axes
  2869 | D:11     | Noticed a hill giant
  2883 | D:11     | Killed a hill giant
  2927 | D:11     | Noticed a manticore
  2940 | D:11     | Killed a manticore
  2940 | D:11     | Gained mutation: You have a pair of large horns on your head. [demonic ancestry]
  2940 | D:11     | Reached XP level 11. HP: 75/75 MP: 11/11
  2980 | D:11     | Noticed a hill giant
  2989 | D:11     | Killed a hill giant
  3072 | D:11     | Reached skill level 13 in Axes
  3147 | D:11     | Found a labyrinth entrance.
  3155 | Lab      | Entered a labyrinth
  3325 | Lab      | Noticed a minotaur
  3345 | Lab      | Killed a minotaur
  3345 | Lab      | Reached skill level 1 in Evocations
  3362 | Lab      | Got a pitted cloak
  3362 | Lab      | Identified Lehudib's Tome of Attacks (You found it in a labyrinth)
  3390 | Lab      | Identified the +2 cloak of Cowardice {-Tele +Fly rC+ MR++} (You found it in a labyrinth)
  3547 | D:10     | Noticed a two-headed ogre
  3555 | D:10     | Killed a two-headed ogre
  3666 | D:10     | Killed an unseen horror
  3976 | D:11     | You fall through a shaft!
  4083 | D:12     | Received a gift from Trog
  4090 | D:12     | Got a polished executioner's axe {god gift}
  4094 | D:12     | Identified the +9 executioner's axe of the Median {chop, rF+ Int+3} (Trog gifted it to you on level 12 of the Dungeon)
  4095 | D:12     | Identified a +2 rod of clouds (11/11) (You took it off a minotaur in a labyrinth)
  4548 | D:12     | Killed an unseen horror
  4580 | D:12     | Found a shattered altar of Ashenzari.
  4685 | D:12     | Reached skill level 10 in Armour
  4802 | D:12     | Noticed Josephine
  4821 | D:12     | Killed Josephine
  4821 | D:12     | Reached skill level 5 in Fighting
  4821 | D:12     | Reached skill level 14 in Axes
  4870 | D:12     | Noticed Fannar
  4882 | D:12     | Killed Fannar
  4882 | D:12     | Gained mutation: You are somewhat able to resist unholy torments (1 in 2 success). [demonic ancestry]
  4882 | D:12     | Reached XP level 12. HP: 27/85 MP: 4/12
  5274 | Lair:1   | Entered Level 1 of the Lair of Beasts
  5554 | Lair:2   | Got a coiled brass ring
  5556 | Lair:2   | Identified the cursed ring of Akiq Wenn {rElec rF+ MP+9 Int-3 Dex-2} (You found it on level 2 of the Lair of Beasts)
  5896 | Lair:3   | Received a gift from Trog
  6183 | Lair:3   | Noticed emiel's ghost (journeyman MiGl)
  6192 | Lair:3   | Killed emiel's ghost
  6417 | Lair:6   | Reached skill level 1 in Throwing
  6432 | Lair:6   | Noticed a four-headed hydra
  6440 | Lair:6   | Killed a four-headed hydra
  6476 | Lair:7   | Reached skill level 15 in Axes
  6480 | Lair:7   | Noticed a seven-headed hydra
  6484 | Lair:7   | Noticed a catoblepas
  6497 | Lair:7   | Killed a seven-headed hydra
  6510 | Lair:7   | Killed a catoblepas
  6517 | Lair:7   | Reached XP level 13. HP: 95/95 MP: 13/13
  6627 | Lair:8   | Entered Level 8 of the Lair of Beasts
  6684 | Lair:8   | Found a runed door.
  6794 | Lair:8   | Paralysed by a wasp for 1 turns
  6815 | Lair:8   | Received a gift from Trog
  6947 | Lair:8   | Received a gift from Trog
  7556 | Lair:6   | Reached skill level 5 in Dodging
  7606 | Lair:6   | Received a gift from Trog
  7743 | Lair:6   | Found a staircase to the Swamp.
  7975 | Lair:7   | Received a gift from Trog
  8041 | Swamp:1  | Entered Level 1 of the Swamp
  8137 | Swamp:1  | Reached XP level 14. HP: 83/105 MP: 17/17
  8300 | Swamp:1  | Reached skill level 16 in Axes
  8376 | Swamp:2  | Noticed Louise
  8417 | Swamp:2  | Killed Louise
  8417 | Swamp:2  | Received a gift from Trog
  8594 | Swamp:2  | Succumbed to a swamp dragon's poison gas

Dungeon Overview and Level Annotations

Branches:
Dungeon (13/15)              Lair (8/8) D:9           Swamp (2/4) Lair:6
 Temple: D:4-7        Snake: Lair:3-6    Spider: Lair:3-6     Slime: Lair:6-8
    Orc: D:9-12      Vaults: D:13-14

Altars:
Ashenzari
Cheibriados
Gozag
Sif Muna
Xom
The Shining One


Message History

You are no longer berserk.
You are exhausted.
You feel yourself slow down.
You are feeling hungry.
You feel very sick.
The swamp dragon breathes poison at you.
The blast of poison engulfs you!
You are more poisoned.
Unknown command.
Drink which item? (? for menu, Esc to quit)
You feel much better.
You are more poisoned.
You feel extremely sick. The insubstantial wisp misses you.
The swamp dragon bites you but does no damage.
The swamp dragon barely misses you. The swamp dragon closely misses you.
Read which item? (? for menu, Esc to quit)
Blink to where?
Press: ? - help, Dir - move target cursor
As you read the scroll of blinking, it crumbles to dust.
You focus on the pain.
You feel your power returning.
You feel extremely sick.
Drink which item? (? for menu, Esc to quit)
You feel much better.
You feel extremely sick.
Use which ability? (? or * to list)
Your skin crawls.
You feel resistant to hostile enchantments.
You are feeling very hungry.
You focus on the pain.
You feel agile all of a sudden.
You feel extremely sick.
The swamp dragon breathes poison at you.
The blast of poison misses you.
Unknown command.
Read which item? (? for menu, Esc to quit)
Blink to where?
Press: ? - help, Dir - move target cursor
As you read the scroll of blinking, it crumbles to dust.
You die...

There were no monsters in sight!

Vanquished Creatures
  Louise (Swamp:2)
  The ghost of emiel the Severer, a journeyman MiGl of Trog (Lair:3)
  Josephine (D:12)
  A minotaur (Lab)
  2 hydras
  An ice dragon (Lair:8)
  A catoblepas (Lair:7)
  A death yak (Lair:8)
  An alligator (Swamp:1)
  2 unseen horrors
  A swamp dragon (Swamp:1)
  A spriggan druid (Swamp:2)
  A lindwurm (Lair:8)
  3 hill giants
  2 manticores
  A cyclops (D:11)
  3 griffons
  4 black mambas
  6 torpor snails
  5 komodo dragons
  9 spiny frogs
  7 fire drakes
  5 giant leeches
  2 trolls
  2 two-headed ogres
  A bog body (Swamp:2)
  A spriggan (Swamp:2)
  10 blink frogs
  A deep elf mage (D:13)
  51 yaks
  4 wyverns
  A shadow (D:11)
  4 wraiths (D:12)
  The ghost of Uhlv the Skirmisher, an amateur MiBe of Trog (D:3)
  5 basilisks
  9 hippogriffs
  A hungry ghost (D:8)
  10 wolves
  A vampire mosquito (Swamp:1)
  9 swamp worms
  3 insubstantial wisps (Swamp:2)
  11 porcupines
  6 orc warriors
  11 water moccasins
  A mottled dragon (D:11)
  A sky beast (D:11)
  Purgy (Sewer)
  An ice beast (D:8)
  6 wasps
  A necrophage (D:11)
  An ogre (D:11)
  10 crocodiles
  4 centaurs
  A big kobold (D:10)
  11 giant frogs
  3 brain worms
  A wyvern zombie (D:11)
  3 scorpions
  3 wights (D:8)
  A troll skeleton (Lab)
  An electric eel (Lair:6)
  A crimson imp (D:12)
  2 spriggan skeletons (Lab)
  4 lava snakes (Lab)
  2 centaur zombies
  7 hounds
  A giant frog zombie (D:8)
  Ijyb (D:2)
  A giant frog skeleton (D:8)
  4 iguanas
  4 jellies
  5 orc priests
  A centaur skeleton (Lab)
  12 orc wizards
  6 worker ants
  9 sheep
  A hound skeleton (D:7)
  8 adders
  10 gnolls
  25 river rats
  5 shadow imps
  2 adder skeletons (D:9)
  16 worms
  4 giant geckos
  39 orcs
  3 ball pythons
  4 giant cockroaches
  3 goblins
  4 hobgoblins
  2 jackals (D:1)
  4 quokkas
  6 bats
  7 giant newts
  10 kobolds
  A quokka skeleton (D:6)
  A quokka zombie (D:3)
  2 rats
  4 fungi
  4 plants
479 creatures vanquished.

Vanquished Creatures (collateral kills)
  A ghost crab (Swamp:2)
  2 hydras
  A swamp dragon (Swamp:2)
  A shambling mangrove (Swamp:2)
  An oklob plant (Lair:6)
  A spiny frog (Swamp:2)
  A komodo dragon (Swamp:2)
  A giant leech (Swamp:1)
  A boulder beetle (Lair:5)
  2 yaks (Lair:6)
  2 vampire mosquitoes (Swamp:1)
  A swamp worm (Swamp:1)
  2 swamp drakes
  2 brain worms (Lair:8)
  A giant frog (Lair:6)
  An iguana (Lair:6)
  2 worms (Lair:8)
  A bush (Lair:6)
24 creatures vanquished.

Vanquished Creatures (others)
  Fannar (D:12)
  A river rat (Lair:5)
  5 fungi
  12 plants
19 creatures vanquished.

Grand Total: 522 creatures vanquished

Action                   |  1- 3 |  4- 6 |  7- 9 | 10-12 | 13-15 || total
-------------------------+-------+-------+-------+-------+-------++-------
Melee: Hand axe          |    35 |       |       |       |       ||    35
       War axe           |    18 |    76 |   224 |   663 |   564 ||  1545
Invok: Berserk           |     6 |     3 |     3 |     2 |     2 ||    16
       Trog's Hand       |       |     2 |     2 |     4 |     4 ||    12
       Brothers in Arms  |       |       |       |     5 |     2 ||     7
 Abil: Evoke Flight      |       |       |       |     1 |       ||     1
Evoke: Wand              |       |     2 |     6 |     4 |       ||    12
       Box of beasts     |       |       |       |       |     7 ||     7
  Use: Potion            |       |       |     3 |       |     5 ||     8
       Scroll            |       |       |     7 |    12 |     5 ||    24
 Stab: Sleeping          |       |     1 |       |       |       ||     1
       Confused          |       |       |     2 |       |       ||     2
       Petrifying        |       |       |       |     4 |       ||     4
       Invisible         |       |       |       |       |     4 ||     4
  Eat: Chunk             |     4 |     6 |     3 |    11 |     7 ||    31
       Meat ration       |       |     1 |       |     1 |     1 ||     3
       Royal jelly       |       |     1 |       |       |       ||     1
       Fruit             |       |       |     4 |       |     4 ||     8
       Bread ration      |       |       |     2 |     1 |       ||     3

Vault maps used:
D:1:      minmay_arrival_split_and_join, serial_curves, eino_curves_04,
          eino_curves_01
D:2:      marbit_many_paths, first_bread, nicolae_ashenzari_panopticon,
          uniq_iyjb
D:3:      grunt_qazlal_sundering
D:4:      gup_sewer_entry_bowl
D:5:      serial_shops, kennysheep_mini, minmay_lizard_king,
          uniq_prince_ribbit1, uniq_menkaure
D:6:      grunt_temple_overflow_open
D:7:      nicolae_overflow_hidden_temple, minmay_temple_entry_trees
D:8:      grunt_livestock, grunt_decor_cap
D:9:      kennysheep_steamy, old_standard_altar, minmay_lair_entry_grove,
          hex_medium
D:11:     kennysheep_orc_monster_closet_entryway, lab_entry_generic,
          serial_shops, nicolae_shop_waterfront, st_stairs_4
D:12:     basic_altar, uniq_josephine, uniq_fannar
Lair:2:   grunt_megastairs_2
Lair:3:   wad_woods_road_02, grunt_megastairs_3
Lair:4:   minmay_snake_entry_six_corridors, grunt_megastairs_4
Lair:5:   kennysheep_basilisk_garden, lemuel_fruit_tree, serial_bayou_shore_b
Lair:6:   nicolae_swamp_entry_splash_gauntlet, minmay_lair_oklob_bushes,
          infiniplex_staircase_pool_2
Lair:7:   minmay_slime_entry_oklob_open, special_room
Lair:8:   hangedman_lair_in_review, wormcave
Swamp:1:  hangedman_swamp_blocks, swamp_pool1
Swamp:2:  evilmike_swamp_ruin_house_4, swamp_pool4, infiniplex_staircase_pool,
          uniq_louise
Lab:      labyrinth_watery, nicolae_lab_plus, nicolae_lab_do_over,
          nicolae_lab_hexagon, nicolae_lab_statue, nicolae_lab_big_swirl,
          nicolae_lab_very_dead_end, nicolae_lab_garden, labyrinth_lava_lair
Sewer:    kennysheep_door_sewer
